AoeStats
← IdliDosa

Nomad

507524812Analyzed
2v2 RM · 13d ago on Sep 18, 2026· 50m 33s· 4 players
Game mode
Random Map
Map size
176×176
Population
200
Speed
Normal
Resources
Standard
Victory
Conquest
Starting age
Dark Age
Ending age
Imperial Age
RankedLock teamsTeams togetherTeam positionsShared explorationLock speedFull tech treeHidden civsTurbo modeCheats
Victory
Defeat
🇵🇱 Khmer · Poland
1196
+14
🇮🇳 Koreans · India
1168
+15
🇦🇷 Vietnamese · Argentina
1154
-15
🇦🇷 Saracens · Argentina
1141
-14
Profesor Cocoon
12:51 Loom
15:52 Feudal Age
19:57 Castle Age
18:01 Double-Bit Axe
24:14 Town Watch
25:16 Forging
34:35 Horse Collar
36:58 Gold Mining
38:39 Stone Mining
39:38 Scale Barding Armor
42:25 Fletching
44:50 Chain Barding Armor
47:09 Bow Saw
50:03 Imperial Age
48:03 Bloodlines
49:18 Wheelbarrow
49:22 Husbandry
50:01 Iron Casting
50:06 Cavalier
Neno
5:22 Loom
12:21 Feudal Age
12:49 Double-Bit Axe
17:37 Fletching
22:24 Gold Mining
25:38 Castle Age
24:49 Padded Archer Armor
25:55 Crossbowman
26:40 Bodkin Arrow
27:01 Leather Archer Armor
42:58 Imperial Age
41:10 Bow Saw
40:56 Horse Collar
41:15 Stone Mining
42:41 Leather Archer Armor
44:27 Bracer
44:14 Arbalester
45:37 Scale Barding Armor
46:05 Conscription
49:47 Thumb Ring
50:43 Town Watch
IdliDosa
4:54 Loom
13:29 Feudal Age
13:58 Double-Bit Axe
23:03 Castle Age
21:26 Stone Mining
21:26 Gold Mining
22:31 Horse Collar
22:51 Fletching
24:15 Medium Warships
24:50 Bow Saw
25:07 Bodkin Arrow
37:25 Town Watch
39:03 Wheelbarrow
40:52 Hand Cart
43:43 Imperial Age
42:13 Ballistics
43:53 Elite War Wagon
46:17 Chemistry
46:05 Bracer
47:03 Thumb Ring
46:20 Elite Skirmisher
47:06 Crossbowman
49:59 Conscription
50:50 Two-Man Saw
50:31 Conscription
kontakt
2:53 Loom
12:24 Feudal Age
14:28 Fletching
15:19 Padded Archer Armor
23:36 Castle Age
23:50 Crossbowman
25:03 Town Watch
28:16 Elite Skirmisher
35:08 Elite Skirmisher
36:48 Horse Collar
39:57 Double-Bit Axe
41:00 Bow Saw
44:31 Imperial Age
42:04 Heavy Plow
43:48 Forging
43:39 Scale Mail Armor
43:55 Leather Archer Armor
43:38 Bodkin Arrow
46:05 Iron Casting
45:30 Scale Mail Armor
46:07 Wheelbarrow
45:33 Town Patrol
44:56 Pikeman
46:35 Scale Barding Armor
46:32 Bracer
46:01 Halberdier
46:23 Light Cavalry
47:17 Bloodlines
47:14 Husbandry
48:30 Hussar
Connection lost

Rejoining the realm…

Still unreachable

The connection could not be restored.

Session expired

The server has moved on; the page needs a fresh start.